 Dungeon Crawl Stone Soup version 0.20.1-1-g8b1a95d (webtiles) character file.

350 Gaplan the Chopper (level 6, -3/56 HPs)
             Began as a Minotaur Berserker on July 18, 2017.
             Was a Priest of Trog.
             Slain by an orc priest
             ... wielding a cursed -3 club
              (6 damage)
             ... on level 4 of the Dungeon.
             The game lasted 00:07:17 (3710 turns).

Gaplan the Chopper (Minotaur Berserker)             Turns: 3710, Time: 00:07:18

Health: -3/56      AC:  4    Str: 23    XL:     6   Next: 34%
Magic:  5/5        EV: 13    Int:  4    God:    Trog [***...]
Gold:   215        SH:  0    Dex: 10    Spells: 5/5 levels left

rFire    . . .     SeeInvis .   u - +0 war axe
rCold    . . .     Gourm    .   (no shield)
rNeg     . . .     Faith    .   b - +0 animal skin
rPois    .         Spirit   .   (helmet restricted)
rElec    .         Reflect  .   (no cloak)
rCorr    +         Harm     .   e - +1 pair of gloves
MR       .....                  (no boots)
Stlth    +.........             (no amulet)
Regen    0.2/turn               j - ring of resist corrosion
MPRegen  0.1/turn               (no ring)

@: confused, berserk cooldown, slowed, very slow
A: retaliatory headbutt, horns 2
a: Berserk, Trog's Hand, Burn Spellbooks, Renounce Religion


You were on level 4 of the Dungeon.
You worshipped Trog.
Trog was most pleased with you.
You were not hungry.

You visited 1 branch of the dungeon, and saw 4 of its levels.

You collected 215 gold pieces.

Inventory:

Hand Weapons
 a - a +0 hand axe
 o - a -1 hand axe
 u - a +0 war axe (weapon)
Armour
 b - a +0 animal skin (worn)
 e - a +1 pair of gloves (worn)
Jewellery
 j - a ring of resist corrosion (left hand)
Scrolls
 k - a scroll of enchant weapon {unknown}
 m - a scroll of blinking {unknown}
 n - a scroll of immolation {unknown}
 p - 2 scrolls of remove curse
 s - a scroll of teleportation {unknown}
 t - a scroll of enchant armour {unknown}
 v - 3 scrolls of identify {unknown}
 w - 2 scrolls of magic mapping {unknown}
Potions
 f - 2 potions of haste
 g - 2 potions of heal wounds {unknown}
 h - a potion of flight {unknown}
 i - a potion of might {unknown}
 l - a potion of ambrosia
 q - a potion of curing {unknown}
 r - 2 potions of agility {unknown}
Comestibles
 c - a bread ration
 d - 6 chunks of flesh


   Skills:
 + Level 5.5 Fighting
 + Level 6.6 Axes
 + Level 2.8 Armour
 + Level 3.6 Dodging


You had 5 spell levels left.
You didn't know any spells.

Dungeon Overview and Level Annotations

Branches:
Dungeon (4/15)
 Temple: D:4-7

Altars:
Cheibriados
The Shining One


Innate Abilities, Weirdness & Mutations

You reflexively headbutt those who attack you in melee.
You have a pair of horns on your head.


Message History

The leopard gecko completely misses you.
You hit the orc.
You kill the orc!
Trog accepts your kill.
You completely miss the orc priest.
You hit the leopard gecko but do no damage.
You hit the orc. The orc hits you.
* * * LOW HITPOINT WARNING * * *
The leopard gecko bites you.
* * * LOW HITPOINT WARNING * * *
The orc priest mumbles some strange prayers to Beogh against you.
Beogh smites you!
* * * LOW HITPOINT WARNING * * *
The orc hits you.
* * * LOW HITPOINT WARNING * * *
The leopard gecko barely misses you.
The orc priest calls upon Beogh to heal the orc.
The orc's wounds heal themselves!
The orc completely misses you. The orc priest hits you with a club.
You die...

.....#..# .
........##.# ..
......# #.# .##.##..#
#.# ....... #.#
#).#.# #.# #.#
#.>#.####.## #.#
##lo...##...#### #.#
#..@o..........# #.#
#.#....##...##.# #.#
#.#.#.####.###.# #.#
..#........# #.###.#
##.(........###.....#
#.###.####..........
.. ..$# ###########
## ###


You could see an orc priest, an orc and a leopard gecko.

Vanquished Creatures
  An ogre (D:4)
  2 hounds
  A worker ant (D:4)
  An orc wizard (D:4)
  4 adders
  3 gnolls (D:2)
  3 worms
  3 leopard geckos
  2 orcs (D:4)
  9 giant cockroaches
  5 goblins
  13 hobgoblins
  5 jackals
  A quokka (D:2)
  A ball python (D:2)
  4 bats
  5 frilled lizards
  10 kobolds
  6 rats
79 creatures vanquished.

Notes
Turn   | Place    | Note
-------+----------+-------------------------------------------
     0 | D:1      | Gaplan the Minotaur Berserker began the quest for the Orb.
     0 | D:1      | Reached XP level 1. HP: 19/19 MP: 0/0
   119 | D:1      | Reached skill level 4 in Axes
   119 | D:1      | Reached XP level 2. HP: 25/27 MP: 1/1
   678 | D:1      | Reached ** piety under Trog
   991 | D:2      | Reached XP level 3. HP: 24/34 MP: 2/2
  1066 | D:2      | Reached XP level 4. HP: 17/41 MP: 3/3
  1575 | D:2      | Reached skill level 5 in Axes
  1664 | D:2      | Found a glowing golden altar of the Shining One.
  2233 | D:2      | Reached *** piety under Trog
  2251 | D:2      | Reached skill level 5 in Fighting
  2328 | D:3      | Found a snail-covered altar of Cheibriados.
  2647 | D:3      | Reached XP level 5. HP: 48/48 MP: 4/4
  3588 | D:4      | Noticed an ogre
  3594 | D:4      | Killed an ogre
  3594 | D:4      | Reached skill level 6 in Axes
  3594 | D:4      | Reached XP level 6. HP: 56/56 MP: 5/5
  3710 | D:4      | Slain by an orc priest

Skill      XL: |  1  2  3  4  5 |
---------------+----------------+-----
Fighting       | 4 5 |  5.5
Axes           | 4 5 6 |  6.6
Dodging        | 3 |  3.6
Armour         | |  2.8

Action                   |  1- 3 |  4- 6 || total
-------------------------+-------+-------++-------
Melee: Hand axe          |    49 |    70 ||   119
       Headbutt          |     6 |     8 ||    14
       War axe           |       |    21 ||    21
Invok: Berserk           |       |     2 ||     2
  Use: Scroll            |       |     2 ||     2
       Potion            |       |     2 ||     2
  Eat: Chunk             |       |     7 ||     7
       Bread ration      |       |     1 ||     1
Armor: Animal skin       |     8 |    28 ||    36
Dodge: Dodged            |    44 |    66 ||   110
